 Dungeon Crawl Stone Soup version 0.22.1-6-g1668fe2c40 (webtiles) character file.

574 Forgol the Ruffian (level 7, 0/68 HPs)
             Began as a Troll Monk on Jan 29, 2019.
             Slain by an orc
             ... wielding a +0 dagger
              (4 damage)
             ... on level 4 of the Dungeon.
             The game lasted 00:07:48 (3536 turns).

Forgol the Ruffian (Troll Monk)                     Turns: 3536, Time: 00:07:48

Health: 0/68       AC:  6    Str: 22    XL:     7   Next: 12%
Magic:  0/6        EV: 11    Int:  6    God:
Gold:   132        SH:  0    Dex: 12    Spells: 6/6 levels left

rFire    + + .     SeeInvis .     - Unarmed
rCold    x . .     Gourm    +   (no shield)
rNeg     . . .     Faith    .   a - +0 robe
rPois    .         Spirit   +   (helmet restricted)
rElec    .         Reflect  .   o - +0 cloak
rCorr    .         Harm     .   (gloves unavailable)
MR       .....                  (boots unavailable)
Stlth    ++........             q - amulet of guardian spirit
HPRegen  0.61/turn              i - ring of protection from fire
MPRegen  0.10/turn              d - ring of fire

@: no status effects
A: large, unfitting armour, claws 3, fast metabolism 3, gourmand, regeneration
1, shaggy fur 1, tough skin 2
a: no special abilities


You were on level 4 of the Dungeon.
You were very full.

You visited 2 branches of the dungeon, and saw 5 of its levels.

You collected 132 gold pieces.

Inventory:

Armour
 a - a +0 robe (worn)
 o - a +0 cloak (worn)
Jewellery
 d - a ring of fire (right claw)
 i - a ring of protection from fire (left claw)
 m - a cursed ring of attention
 q - an amulet of guardian spirit (around neck)
Scrolls
 e - 4 scrolls of remove curse
 f - 2 scrolls of enchant armour
 g - 2 scrolls of blinking {unknown}
 l - 2 scrolls of noise
 n - a scroll of magic mapping {unknown}
 p - a scroll of enchant weapon {unknown}
 s - a scroll of identify
Potions
 c - a potion of heal wounds
 h - 2 potions of invisibility {unknown}
 j - a potion of curing {unknown}
 k - 2 potions of brilliance {unknown}
 r - a potion of berserk rage {unknown}
Comestibles
 b - 8 rations


   Skills:
 + Level 3.9 Fighting
 + Level 4.0 Dodging
 - Level 1.0 Stealth
 * Level 6.2 Unarmed Combat


You had 6 spell levels left.
You didn't know any spells.
Your spell library was empty.

Dungeon Overview and Level Annotations

Branches:
Dungeon (4/15)             Temple (1/1) D:4

Altars:
Ashenzari
Elyvilon
Fedhas
Gozag
Makhleb
Nemelex Xobeh
Okawaru
Qazlal
Sif Muna
Trog
Yredelemnul

Annotations:
D:4 Sigmund


Innate Abilities, Weirdness & Mutations

You are too large for most types of armour.
You have claws for hands.
Your metabolism is lightning-fast.
You like to eat raw meat.
Your natural rate of healing is unusually fast.
You are covered in fur. (AC +1)
You have very tough skin. (AC +2)


Message History

The orc misses you.
The orc priest invokes the aid of Beogh against you.
Beogh smites you!
* * * LOW HITPOINT WARNING * * *
The orc barely misses you.
You scratch the orc priest.
The orc priest is heavily wounded.
The orc closely misses you. Something hits you.
* * * LOW HITPOINT WARNING * * *
The orc priest drinks a potion.
The orc priest is healed!
You scratch the orc priest but do no damage.
The orc hits you but does no damage. The orc hits you with a dagger.
* * * LOW HITPOINT WARNING * * *
The orc priest hits you but does no damage.
You claw the orc priest!
The orc priest is severely wounded.
Something hits you!
* * * LOW HITPOINT WARNING * * *
The orc hits you but does no damage. The orc hits you with a dagger.
You die...

.. .% .#
..####. ##.#
....... ....
.....##..
.......##
#{.....######
#.oo........#
#o@.......##
##.........#
##......##
##...###
###.###
##..##
###..## #
##..### ##
##..##


You could see an orc priest and 2 orcs.

Vanquished Creatures
  A phantom (D:4)
  3 orc priests
  A bullfrog skeleton (D:4)
  Terence (D:2)
  3 orc wizards (D:4)
  2 worker ants
  3 gnolls (D:3)
  8 adders
  An ooze (D:3)
  3 worms
  5 dart slugs
  3 leopard geckos
  10 orcs
  7 bats
  9 giant cockroaches
  8 goblins
  9 hobgoblins
  2 jackals (D:3)
  6 kobolds
  2 quokkas (D:3)
  3 frilled lizards
  7 rats
97 creatures vanquished.

Notes
Turn   | Place    | Note
-------+----------+-------------------------------------------
     0 | D:1      | Forgol the Troll Monk began the quest for the Orb.
     0 | D:1      | Reached XP level 1. HP: 22/22 MP: 0/0
   123 | D:1      | Reached XP level 2. HP: 28/29 MP: 1/1
   889 | D:2      | Reached XP level 3. HP: 30/36 MP: 2/2
  1071 | D:2      | Noticed Terence
  1092 | D:2      | Killed Terence
  1092 | D:2      | Reached skill level 4 in Unarmed Combat
  1092 | D:2      | Reached XP level 4. HP: 29/44 MP: 3/3
  1718 | D:3      | Found a faded altar of an unknown god.
  1744 | D:3      | Found a shattered altar of Ashenzari.
  1750 | D:3      | Reached XP level 5. HP: 39/53 MP: 4/4
  2253 | D:3      | Reached skill level 5 in Unarmed Combat
  2589 | D:3      | Reached XP level 6. HP: 58/61 MP: 5/5
  2949 | D:4      | Found a staircase to the Ecumenical Temple.
  2956 | Temple   | Entered the Ecumenical Temple
  3456 | D:4      | Reached skill level 6 in Unarmed Combat
  3456 | D:4      | Reached XP level 7. HP: 64/68 MP: 4/6
  3522 | D:4      | Noticed Sigmund
  3536 | D:4      | Slain by an orc

Skill      XL: |  1  2  3  4  5  6  7 |
---------------+----------------------+-----
Unarmed Combat | 4 5 6 |  6.2
Dodging        | 3 4 |  4.0
Fighting       | 3 |  3.9
Stealth        | |  1.0

Action                   |  1- 3 |  4- 6 |  7- 9 || total
-------------------------+-------+-------+-------++-------
Melee: Unarmed           |    97 |   177 |    18 ||   292
       Punch             |       |     3 |     1 ||     4
  Use: Scroll            |     1 |     5 |       ||     6
 Stab: Distracted        |     1 |       |       ||     1
       Sleeping          |       |     7 |     1 ||     8
  Eat: Chunk             |    15 |    22 |       ||    37
Armor: Robe              |    29 |    47 |     9 ||    85
Dodge: Dodged            |    46 |   108 |     9 ||   163
